Cogmind - Beta 13 *** ADVENTURER MODE // 2024.07.03 @ 22:16:28 Player: Dmitry Result: Self-destructed Performance ------------- Evolutions (1) 500 Regions Visited (2) 400 Robots Destroyed (23) 115 Value Destroyed (397) 397 Prototype IDs (2) 40 Alien Tech Used (0) 0 Bonus (0) 0 TOTAL SCORE: 1452 Bonus ------- None Cogmind --------- Core Integrity 130/400 Matter 299/300 Energy 100/100 System Corruption 0% Temperature Cool (0) Movement Core (100) Ox1 Location -9/Materials Parts ------- > --- POWER (1) -------- (None) > --- PROPULSION (2) --- (None) > --- UTILITY (4) ------ Small Storage Unit Signal Interpreter > --- WEAPON (2) ------- (None) > --- INVENTORY (8) ---- Reinforced Ion Engine Aluminum Leg Sensor Array Improved Terrain Scanner Seismic Detector Seismic Detector Improved Targeting Computer Peak State ------------ > --- POWER ------------ Light Ion Engine > --- PROPULSION ------- Airjet Airjet > --- UTILITY ---------- Small Storage Unit Signal Interpreter Improved Terrain Scanner Seismic Detector > --- WEAPON ----------- Minigun Minigun > --- INVENTORY -------- Reinforced Ion Engine Improved Terrain Scanner Seismic Detector Improved Targeting Computer Improved Light Armor Plating Assault Rifle Grenade Launcher [Rating: 20] Favorites ----------- Power Light Ion Engine Engine Light Ion Engine Propulsion Aluminum Leg Leg Aluminum Leg Hover Unit Airjet Utility Improved Terrain Scanner Device Improved Terrain Scanner Storage Small Storage Unit Processor Signal Interpreter Protection Improved Light Armor Plating Weapon EM Pulse Gun Energy Gun EM Pulse Gun Ballistic Gun Assault Rifle Launcher Grenade Launcher Build | -11 -10 -9 ------- Run | Yrd Mat Mat Slots Evolved 2 | . . 2 Power . | . . . Propulsion . | . . . Utility 2 | . . 2 Weapon . | . . . Parts Attached 20 | 8 1 11 Power 1 | 1 . . Engine 1 | 1 . . Core . | . . . Reactor . | . . . Propulsion 5 | 2 . 3 Treads . | . . . Leg 3 | 2 . 1 Wheel . | . . . Hover 2 | . . 2 Flight . | . . . Utility 7 | 3 1 3 Device 3 | 2 . 1 Storage 2 | 1 1 . Processor 1 | . . 1 Hackware . | . . . Protection 1 | . . 1 Artifact . | . . . Weapon 7 | 2 . 5 Energy Gun 2 | 1 . 1 Energy Cannon . | . . . Ballistic Gun 4 | 1 . 3 Ballistic Cannon . | . . . Launcher 1 | . . 1 Special Weapon . | . . . Impact Weapon . | . . . Slashing Weapon . | . . . Piercing Weapon . | . . . Special Melee Weapon . | . . . Unidentified Prototypes . | . . . Parts Lost 10 | . . 10 Power 1 | . . 1 Propulsion 3 | . . 3 Utility 2 | . . 2 Weapon 4 | . . 4 Highest Loss Streak 7 | . . 7 To Critical Strikes . | . . . Average Slot Usage (%) 87 | . 100 77 Engine 9 | . 14 5 Leg 13 | . 28 2 Hover 6 | . . 11 Device 19 | . 24 16 Storage 7 | . 3 11 Processor 6 | . . 11 Protection 1 | . . 2 Energy Gun 7 | . 14 2 Ballistic Gun 14 | . 14 14 Naked Turns . | . . . Heaviest Build 16 | 13 13 16 Greatest Support 20 | 20 20 16 Greatest Overweight (x) 4 | 1 . 4 Average Overweight (x) . | . . . Largest Inventory Capacity 8 | 8 8 8 Average Capacity 6 | 5 5 8 Most Carried 8 | 3 7 8 Average Carried 4 | 1 4 6 Final Capacity 8 | 5 8 8 Final Carried 7 | 3 7 7 Class Distribution -------------------- 100% | Mutant Dominant Class ---------------- Mutant | -10/Materials Mutant | -9/Materials Resources | -11 -10 -9 ----------- Run | Yrd Mat Mat Matter Collected 622 | 304 . 318 Remotely . | . . . Salvage Created 658 | 202 48 408 Parts 46 | 17 4 25 Haulers Intercepted . | . . . Recyclers Shooed . | . . . Parts Field Recycled . | . . . Retrieved Matter . | . . . Parts Self-Destructed . | . . . Prevented . | . . . Kills | -11 -10 -9 ------- Run | Yrd Mat Mat Combat Hostiles Destroyed 14 | . 1 13 Guns 14 | . 1 13 Classes Destroyed 7 | 3 1 3 Worker 2 | 2 . . Tunneler 4 | 4 . . Recycler 1 | 1 . . Watcher 2 | . . 2 Swarmer 7 | . . 7 Grunt 6 | . 1 5 Sentry 1 | . . 1 Best Kill Streak 11 | 2 1 11 Combat Bots Only 11 | . 1 11 Max Kills in Single Turn 2 | 1 1 2 Gunslinging 1 | . . 1 Exploded . | . . . Melee . | . . . Uniques/NPCs Destroyed . | . . . Combat | -11 -10 -9 -------- Run | Yrd Mat Mat Hostile Shots Fired 213 | . 2 211 Missed 65 | . 1 64 Damage Taken 1216 | 16 9 1191 Core 286 | 16 . 270 Absorbed by Shields . | . . . Ignored by Resistances 378 | 5 3 370 Core Remaining (%) 93 | 93 93 . Volleys Fired 58 | 17 4 37 Largest 2 | 2 2 2 Hottest 65 | 60 60 65 Shots Fired 111 | 34 8 69 Gun 111 | 34 8 69 Cannon . | . . . Launcher . | . . . Special . | . . . Kinetic 85 | 17 4 64 Thermal 5 | . . 5 Explosive . | . . . Electromagnetic 21 | 17 4 . Robot Hit Streak 23 | 15 18 23 Robot Miss Streak 2 | 1 . 2 Penetration Max . | . . . Secondary Targets 4 | . . 4 Max Gunslinging Chain 1 | . . 1 Shots Hit Robots 73 | 16 3 54 Core Hits 30 | 8 1 21 Critical Kills . | . . . Critical Parts Destroyed . | . . . Critical Strikes . | . . . Melee Attacks . | . . . Impact . | . . . Slashing . | . . . Piercing . | . . . Sneak Attacks . | . . . Combat Hostiles . | . . . Follow-up Attacks . | . . . Damage Inflicted 1268 | 264 40 964 Guns 1220 | 237 40 943 Cannons . | . . . Explosions 27 | 27 . . Melee . | . . . Ramming 21 | . . 21 Kinetic 1001 | 90 13 898 Thermal 72 | 27 . 45 Explosive . | . . . Electromagnetic 174 | 147 27 . Impact . | . . . Slashing . | . . . Piercing . | . . . Highest Corruption . | . . . Average Corruption . | . . . Corruption Purged . | . . . Corruption Blocked . | . . . Overload Shots . | . . . Overflow Damage . | . . . Projectiles . | . . . Explosions . | . . . Melee . | . . . Knockbacks . | . . . Impact . | . . . Kinetic . | . . . Secondary . | . . . Self-Inflicted Damage 18 | 16 . 2 Shots 1 | 1 . . Rammed 8 | . . 8 Targets Rammed 16 | . . 16 Kicked 8 | . . 8 Crushed . | . . . Highest Temperature 20 | 20 6 16 Average Temperature 9 | 15 6 7 Received Heat Transfer 273 | . 6 267 Siege Activations . | . . . Robots Corrupted . | . . . Combat Hostiles . | . . . Parts Fried . | . . . Impact Corruptions . | . . . Robots Melted . | . . . Combat Hostiles . | . . . Parts Melted . | . . . Heat Transferred 150 | 50 . 100 Parts Sabotaged . | . . . Parts Stolen . | . . . Parts Stripped . | . . . Power Chain Reactions 1 | 1 . . Alert | -11 -10 -9 ------- Run | Yrd Mat Mat Peak Influence 366 | 35 62 366 Initial 22 | . 19 22 Average 95 | 14 35 197 Maximum Alert Level 1 | . . 1 Low Security (%) 80 | 100 100 52 Level 1 19 | . . 47 Level 2 . | . . . Level 3 . | . . . Level 4 . | . . . Level 5 . | . . . High Security . | . . . Max Security . | . . . Squads Dispatched 3 | . 1 2 Investigation 2 | . 1 1 Extermination . | . . . Reinforcement 1 | . . 1 Assault . | . . . Garrison . | . . . Intercept . | . . . Searches Triggered . | . . . Construction Impeded . | . . . Haulers Reinforced . | . . . Active Scanning Responses . | . . . Cargo Convoy Interrupts . | . . . Stealth | -11 -10 -9 --------- Run | Yrd Mat Mat Distress Signals 3 | . . 3 Communications Jammed . | . . . Distress Signals . | . . . Times Spotted 30 | . 2 28 Peak Tracking Total 10 | . 1 10 Tactical Retreats 2 | . . 2 Traps | -11 -10 -9 ------- Run | Yrd Mat Mat Traps Triggered 2 | . 1 1 Indirectly . | . . . Trap Hack Attempts . | . . . Triggered . | . . . Disarmed . | . . . Reprogrammed . | . . . Reused . | . . . Traps Extracted . | . . . Installed . | . . . Triggered . | . . . Machines | -11 -10 -9 ---------- Run | Yrd Mat Mat Machines Disabled 1 | . . 1 Max in Single Turn 1 | . . 1 Machines Repaired . | . . . Machines Dismantled . | . . . Machines Sabotaged . | . . . Overloaded Fab Kills . | . . . Hacking | -11 -10 -9 --------- Run | Yrd Mat Mat Machines Accessed 4 | . 2 2 Terminals 4 | . 2 2 Fabricators . | . . . Repair Stations . | . . . Recycling Units . | . . . Scanalyzers . | . . . Garrison Access . | . . . Total Hacks 13 | . 4 9 Successful 6 | . 1 5 Failed 7 | . 3 4 Catastrophic 2 | . 1 1 Database Lockouts . | . . . Manual . | . . . Terminals 13 | . 4 9 Fabricators . | . . . Repair Stations . | . . . Recycling Units . | . . . Scanalyzers . | . . . Garrison Access . | . . . Terminal Hacks 6 | . 1 5 Record 1 | . . 1 Prototype ID Bank 1 | . . 1 Branch Access Points 1 | . . 1 Transport Status 1 | . . 1 Registered Prototypes 1 | . 1 . Zone Layout 1 | . . 1 Fabricator Hacks . | . . . Repair Station Hacks . | . . . Recycling Unit Hacks . | . . . Scanalyzer . | . . . Garrison Access Hacks . | . . . Unauthorized Hacks . | . . . Terminals . | . . . Fabricators . | . . . Repair Stations . | . . . Recycling Units . | . . . Scanalyzers . | . . . Garrison Access . | . . . Data Cores Recovered . | . . . Used . | . . . Hacking Detections 4 | . 2 2 Full Trace Events . | . . . Feedback Events . | . . . Feedback Blocked . | . . . Robot Schematics Acquired . | . . . Robots Built . | . . . Authchips . | . . . Time . | . . . Total Robot Build Rating . | . . . Part Schematics Acquired . | . . . Parts Built . | . . . Authchips . | . . . Time . | . . . Total Part Build Rating . | . . . Parts Repaired . | . . . Time . | . . . Parts Recycled . | . . . Recycled Matter . | . . . Retrieved Matter . | . . . Retrieved Components . | . . . Parts Scanalyzed . | . . . Part Schematics Acquired . | . . . Parts Damaged . | . . . Bothacking | -11 -10 -9 ------------ Run | Yrd Mat Mat Used RIF Installer . | . . . Robots Hacked . | . . . Non-combat . | . . . Combat . | . . . Robot Hacks Applied . | . . . Relay Couplers Released . | . . . Fabnet Peak Effective % . | . . . Robots Rewired . | . . . Allies Hacked . | . . . Hacks Repelled . | . . . Allies | -11 -10 -9 -------- Run | Yrd Mat Mat Total Allies . | . . . Largest Group . | . . . Highest-Rated Group . | . . . Highest-Rated Ally . | . . . Total Orders . | . . . Ally Attacks . | . . . Total Damage . | . . . Kills . | . . . Allies Corrupted . | . . . Allies Melted . | . . . Intel | -11 -10 -9 ------- Run | Yrd Mat Mat Robot Analysis Total . | . . . Derelict Logs Recovered . | . . . Drone Launches . | . . . Drone Recoveries . | . . . Exploration | -11 -10 -9 ------------- Run | Yrd Mat Mat Turns Passed 647 | 174 210 263 Spaces Moved 401 | 93 161 147 Core 21 | 8 . 13 Treads . | . . . Legs 266 | 85 161 20 Wheels . | . . . Hover 114 | . . 114 Flight . | . . . Fastest Speed 50 | 50 120 56 Average Speed 105 | 115 120 83 Slowest Speed 250 | 120 120 250 Overloaded Moves . | . . . Propulsion Burnouts . | . . . Robots Hopped . | . . . Cave-ins Triggered . | . . . Exploration Rate (%) 18 | 6 34 15 Regions Visited 2 Branch Regions . Pre-discovered Areas . | . . . Known Exits Taken . | . . . Unknown Exits Taken 2 | 1 1 . Scrap Searched . | . . . Spaces Dug . | . . . Terrain Destroyed 2 | 2 . . Melee . | . . . Projectile . | . . . AOE 2 | 2 . . Terrain Rammed . | . . . Walls Destroyed . | . . . Machines Disabled . | . . . Actions | -11 -10 -9 --------- Run | Yrd Mat Mat Total 516 | 124 169 223 Wait . | . . . Move 399 | 92 160 147 Hop . | . . . Pick Up 16 | 5 4 7 Fast Attach 10 | 6 . 4 Attach 8 | 2 . 6 Detach 1 | 1 . . Swap 2 | . 1 1 Drop 6 | 1 . 5 Fire 58 | 17 4 37 Melee . | . . . Ram 8 | . . 8 Kick 8 | . . 8 Crush . | . . . Escape Stasis . | . . . Rewire . | . . . Trap . | . . . Miscellaneous . | . . . Route ------- -11/Scrapyard -10/Materials (discovered 2 exits: *Mat / [*Min]) -9/Materials (discovered 2 exits: Min x2) History --------- Turn | Location | Event 9 | -11/Scrapyard | Discovered new exit (range 15) 175 | -11/Scrapyard | Entered Materials 306 | -10/Materials | Discovered new exit (range 6) 317 | -10/Materials | Build established: Mutant 371 | -10/Materials | Discovered new exit (range 13) 385 | -10/Materials | Entered another Materials area 385 | -9/Materials | Evolved 2 slots: Utility x2 423 | -9/Materials | Identified exit to Mines 565 | -9/Materials | Lost 3 parts (1p2n) 590 | -9/Materials | Destroyed 11 combat bots 641 | -9/Materials | Core integrity fell below 50% 648 | -9/Materials | Self-destructed Last Messages --------------- G-47 Trooper destroyed. Kicked S-10 Pest. K-01 Serf collects debris. Acquired Sml. Laser. S-10 Pest destroyed. K-01 Serf collects debris. Imp. Light Armor Plating destroyed. Kicked L-31 Rogue out of the way. R-06 Scavenger collects Lgt. Assault Rifle. K-01 Serf collects debris. Acquired Minigun. R-06 Scavenger collects Flight Unit. K-01 Serf collects debris. Kicked K-01 Serf out of the way. Acquired 10 matter. K-01 Serf collects debris. Aluminum Leg destroyed. K-01 Serf collects debris. Minigun destroyed. Sml. Laser destroyed. Map ----- +----------------------------------------------------+ | ???????? #???????????????????????????????????? | | ???????? ???????????????????????????????????? | | ##?????? ????????? ???????????????????????? | | #?#???? ?????????? ?????????????????????? | | #?????? ?????????? ???????????????????? | | #???#??# #?????????? ???????????????? | | #??????# #?????????#% ???????????????? | | #???#??# #????#????# !!] ???????????????? | | #??????# #??????#??#=%* !?] #??????????????? | | #??????# #?????????# ?? #??????????????? | | #?????## #?????????# ?? #??????????????? | | #?????## ##??????#?# ??? = #??????????????? | | ######## #??????#?# #?#?# #??????????????? | | = ########## #?#?# #??????????????? | | [ = # #% !#???# #??#???????????? | | = [ # """"" #=*%#???# #???#??????????? | | ###+### # """"" # ==#?#?# #??????????????? | | ## #### ## """"" # s#?#?# ##??#??????????? | | ## #??# ##[ + #???# ??????????????? | | ## #??# ## """"" #a w#?####+#####???????????? | | ## #??# ## """"" # s#?#*[ %%! #???????????? | | ## #??# ## """"" # #?# """%[ #???????????? | | ##" #??# ## # #?#!"""= #???????????? | | ##T #??# ##+#####+## #?#[""" #???????????? | | ##" #??# ##### ###[%"" #?????#?????? | | ## #??# w @l=+ """ #???#??#????? | | #######??########## ##/#/###=* %= #???????????? | | #####?????????????# # [ /?#==!% #???#???????? | | ?????????????????# #?? m ?# = #?#?????????? | | ????????????????#?# #?! ka#########+#???????????? | | #???#??????????????# #? u#???????? #?????Y?????? | | ???????? ??????#?## #######??#????? #???????????? | | ???????????????????? ???#?? ???????? #???????????? | | ????????????????#??? ?#?????????????? ???????????? | | ???????????????????? ????#??????????? ? ?????????? | | ???????????????????? ?##?? ????? ????????????????? | | ???????????????????? ####????? ?????????????????? | | ???????????????????? ????????????????????????????? | | ???????????????????? ????????????????????????????? | | ???????????????????????????????#?????????????????? | | ?????????????????????????????????????????????????? | | ?????????????????????????????????????????????????? | | ?????????????????????????????????????????????????? | | ?????????????????????????????????????????????????? | | ?????????????????????????????????????????????????? | | ?????????????????????????????????????????????????? | | ?????????????????????????????????????????????????? | | ?????????????????????????????????????????????????? | | ?????????????????????????????????????????????????? | | ?????????????????????????????????????????????????? | +----------------------------------------------------+ Best States ------------- Heat Dissipation 28 Energy Generation 10 Energy Capacity 125 Matter Stores 300 Matter Capacity 300 Sight Range 16 Terrain Scan Range 16 Terrain Scan Density 10 Armor Coverage 150 Resistance: KI 20 Resistance: TH 20 Resistance: EX 20 Resistance: EM 20 Resistance: I 20 Resistance: S 20 Resistance: P 20 Evasion (%) 55 Offensive Hacking 10 Item Schematics ----------------- None Robot Schematics ------------------ None Fabricated ------------ Nothing Alien Tech Used ----------------- None Achievements -------------- None Challenges ------------ None Game ------ Seed PortableExplosiveChainsword Manual? 0 Play Time 00:10:05 Cumulative 4.0 hours Start 2024.07.03 @ 22:07:34 End 2024.07.03 @ 22:16:28 Sessions 1 Manual Loads 0 Difficulty Adventurer Special Mode None Game No. 5 Rogue 0 Adventurer 5 Explorer 0 Win Type - Total 0 Types 0/0/0/0/0/0/0/0/0 Lore% 5 Gallery% 9 Achievement% 12 Wizard Run 0 Options --------- Layout 2 ASCII 0 Keyboard 0 Movement Mouse Keybinds 0 Fullscreen 2 Font 48/Smallcaps Map View 50x44 Zoom Use 0% Tactical HUD 0 Map Filters NONE Filters NONE Steam 0 RUN: 49cd6a9c-1390-4d06-bb5d-7b66466aa561